 Dungeon Crawl Stone Soup version 0.28-b1-25-g9875b3fc8c (webtiles) character file.

Game seed: 7458754331314290898

123 CuBeRJAN3 the Magician (level 5, -7/38 HPs)
             Began as a Djinni Fire Elementalist on Jan 31, 2022.
             Mangled by a gnoll (8 damage)
             ... on level 2 of the Dungeon.
             The game lasted 00:05:36 (3188 turns).

CuBeRJAN3 the Magician (Djinni Fire Elementalist)   Turns: 3188, Time: 00:05:37

Health: -7/38      AC:  2    Str:  7    XL:     5   Next: 28%
Gold:   92         EV: 13    Int: 18    God:
                   SH:  0    Dex: 14

rFire   + + .      SeeInvis +   (no weapon)
rCold   x . .      Faith    .   (no shield)
rNeg    . . .      Spirit   .   a - +0 robe
rPois   ∞          Reflect  .   (no helmet)
rElec   .          Harm     .   (no cloak)
rCorr   .          Rampage  .   (no gloves)
Will    .....                   (boots unavailable)
Stlth   ++........              (no amulet)
HPRegen 0.12/turn               b - ring of see invisible
MPRegen 0.00/turn               (no ring)

@: flying
A: sickness immunity, fire resistance 2, cold vulnerability 1, float, innate
caster, HP casting, extra vitality 1
a: no special abilities


You were on level 2 of the Dungeon.
You visited 1 branch of the dungeon, and saw 3 of its levels.

You collected 92 gold pieces.

Inventory:

Armour
 a - a +0 robe (worn)
Jewellery
 b - a ring of see invisible (left hand)
Scrolls
 e - a scroll of enchant armour {unknown}
 f - a scroll of fear {unknown}
 h - 2 scrolls of teleportation {unknown}
 i - a scroll of vulnerability {unknown}
 k - a scroll of enchant weapon {unknown}
Potions
 c - 2 potions of heal wounds {unknown}
 d - 2 potions of magic
 g - a potion of attraction {unknown}
 j - 2 potions of curing {unknown}


   Skills:
 + Level 1.7 Fighting
 + Level 3.1 Dodging
 + Level 2.4 Stealth
 * Level 3.3 Spellcasting


You couldn't memorise any spells.
You knew the following spells:

 Your Spells              Type           Power      Damage    Failure   Level
a - Foxfire               Conj/Fire      56%        2x1d6     4%          1
b - Scorch                Fire           28%        2d6       6%          2
c - Conjure Flame         Conj/Fire      14%        6-21      12%         3
d - Inner Flame           Hex/Fire       14%        N/A       12%         3
e - Flame Wave            Conj/Fire      14%        2d6       38%         4
f - Pain                  Necr           56%        1d6       4%          1
g - Corpse Rot            Necr/Air       28%        N/A       6%          2
Your spell library was empty.

Dungeon Overview and Level Annotations

Branches:
Dungeon (3/15)

Altars:
Makhleb
Wu Jian


Innate Abilities, Weirdness & Mutations

You are immune to sickness and miasma.
You are immune to poison.
Your flesh is very heat resistant. (rF++)
You are vulnerable to cold. (rC-)
You float through the air rather than walking.
You learn spells naturally, not from books.
Your magical power is your life essence.
You have superior vitality. (+4 MHP)


Message History

Casting: Scorch (safe; 6% risk of failure)
Confirm with . or Enter, or press ? or * to list all spells.
Flames lash the kobold.
You kill the kobold!
You fly downwards.
The orc shouts!
The gnoll hits you with a +0 whip! The gnoll completely misses you.
There is a stone staircase leading up here.
The orc barely misses you. The gnoll hits you with a +0 whip!
You fly upwards.
There is a stone staircase leading down here.
Casting: Scorch (safe; 6% risk of failure)
Confirm with . or Enter, or press ? or * to list all spells.
Flames lash the gnoll.
The gnoll is heavily wounded.
The gnoll's fire resistance burns away.
The orc closely misses you. The gnoll hits you with a +0 whip!
* * * LOW HITPOINT WARNING * * *
Casting: Scorch (safe; 6% risk of failure)
Confirm with . or Enter, or press ? or * to list all spells.
Flames lash the gnoll.
The gnoll is burned terribly!
The gnoll is almost dead.
* * * LOW HITPOINT WARNING * * *
The orc hits you with a +0 whip.
* * * LOW HITPOINT WARNING * * *
The gnoll hits you with a +0 whip.
* * * LOW HITPOINT WARNING * * *
Things that are here:
a +0 ring mail; a +0 dagger
Casting: Scorch (safe; 6% risk of failure)
Confirm with . or Enter, or press ? or * to list all spells.
You don't have enough health to cast this spell.
The gnoll hits you with a +0 whip.
* * * LOW HITPOINT WARNING * * *
The gnoll is no longer more vulnerable to fire.
It was a potion of magic.
Magic washes over you without effect. The orc hits you with a +0 whip.
* * * LOW HITPOINT WARNING * * *
The gnoll hits you with a +0 whip!
You die...

....#
#...##..)[...#####.#.##..
....# #...##.......#
##.#.##.. ....#
#...##.......# #........
..(.# #...##.......#
#........ ....#
#...##.......# #........
....# ######.......#
#........ ....# #.......#
#........ ##### #..og...#
#........ #..@....#
#........ #..(....#
#........ #########
#........ #........
#........ #########


You could see a gnoll and an orc.

Vanquished Creatures
  Jessica (D:3)
  3 adders (D:2)
  A worm (D:3)
  2 dart slugs
  4 orcs
  3 bats (D:1)
  9 endoplasms
  5 giant cockroaches
  5 goblins
  3 hobgoblins (D:1)
  4 jackals (D:1)
  A quokka (D:2)
  3 ball pythons
  5 frilled lizards
  4 kobolds
  4 rats
57 creatures vanquished.

Vanquished Creatures (collateral kills)
  3 foxfires (D:2)
3 creatures vanquished.

Vanquished Creatures (others)
  208 foxfires
208 creatures vanquished.

Grand Total: 268 creatures vanquished

Notes
Turn   | Place    | Note
-------+----------+-------------------------------------------
     0 | D:1      | CuBeRJAN3 the Djinni Fire Elementalist began the quest for
                  | the Orb.
     0 | D:1      | Reached XP level 1. HP: 15/15 MP: 0/0
   402 | D:1      | Reached XP level 2. HP: 20/22 MP: 0/0
   830 | D:1      | Reached XP level 3. HP: 19/26 MP: 0/0
   830 | D:1      | Learned a level 1 spell: Pain
  1181 | D:1      | Reached skill level 1 in Fighting
  2191 | D:2      | Reached XP level 4. HP: 29/32 MP: 0/0
  2351 | D:2      | Identified the +0 ring mail of Fagais {-Cast rElec Will+}
  2388 | D:2      | Found a faded altar of an unknown god.
  2692 | D:2      | Found a burning altar of Makhleb.
  2736 | D:3      | Noticed Jessica
  2738 | D:3      | Killed Jessica
  2739 | D:3      | Reached XP level 5. HP: 33/37 MP: 0/0
  2739 | D:3      | Learned a level 2 spell: Corpse Rot
  2794 | D:3      | Found an ornate altar of the Wu Jian Council.
  3188 | D:2      | HP: 1/38 [orc (1)]
  3188 | D:2      | Mangled by a gnoll

Illustrated notes

Levels and vault maps discovered:
D:1:      dpeg_arrival_arbitrary_c, layout_basic
D:2:      layout_basic, dreamdust_ecumenical_altar_grove, basic_altar
D:3:      layout_rooms, old_standard_altar, zin_angel, lemuel_doored_altar,
          uniq_jessica

Skill      XL: |  1  2  3  4 |
---------------+-------------+-----
Stealth        | 2 |  2.4
Fighting       | 1 |  1.7
Spellcasting   | 3 |  3.3
Dodging        | 3 |  3.1

Action                   |  1- 3 |  4- 6 || total
-------------------------+-------+-------++-------
Melee: Unarmed           |     1 |       ||     1
 Cast: Foxfire           |    92 |    40 ||   132
       Scorch            |     1 |     9 ||    10
       Conjure Flame     |       |     1 ||     1
  Use: Potion            |       |     1 ||     1
Armor: Robe              |     3 |       ||     3
Dodge: Dodged            |     7 |    12 ||    19
